 Dungeon Crawl Stone Soup version 0.21.1-1-g345015f (webtiles) character file.

895 Limpidissima the Skirmisher (level 7, -1/96 HPs)
             Began as a Yellow Draconian Monk on July 18, 2018.
             Was a High Priest of Jiyva.
             Slain by Joseph
             ... wielding a +0 quarterstaff
              (17 damage)
             ... on level 7 of the Dungeon.
             The game lasted 00:25:55 (5961 turns).

Limpidissima the Skirmisher (Yellow Draconian Monk) Turns: 5961, Time: 00:25:56

Health: -1/96      AC:  7    Str: 14    XL:     7   Next: 78%
Magic:  7/7        EV: 17    Int: 10    God:    Jiyva [*****.]
Gold:   331        SH:  0    Dex: 20    Spells: 6/6 levels left

rFire    . . .     SeeInvis .     - Unarmed
rCold    . . .     Gourm    .   (no shield)
rNeg     . . .     Faith    .   (armour unavailable)
rPois    .         Spirit   .   (helmet restricted)
rElec    .         Reflect  .   (no cloak)
rCorr    +         Harm     .   (no gloves)
MR       .....                  f - +0 pair of boots
Stlth    ..........             l - amulet of rage
HPRegen  0.26/turn              n - ring of stealth
MPRegen  0.10/turn              (no ring)

@: berserking, short of breath, very quick
A: spit acid, acid resistance, unfitting armour, hooves 1, pseudopods 1,
cold-blooded, AC +6
a: Breathe Acid, Request Jelly, Slimify, Cure Bad Mutation, Renounce Religion,
Evoke Berserk Rage


You were on level 7 of the Dungeon.
You worshipped Jiyva.
Jiyva was extremely pleased with you.
You were very full.

You visited 1 branch of the dungeon, and saw 7 of its levels.

You collected 331 gold pieces.

Inventory:

Hand Weapons
 b - a +0 spear of freezing
Missiles
 e - a throwing net (quivered)
Armour
 f - a +0 pair of boots (worn)
Jewellery
 l - an amulet of rage (around neck)
 n - a ring of stealth (left hand)
 u - an uncursed ring of stealth
Wands
 q - a wand of paralysis (18)
 s - a wand of polymorph (10)
Scrolls
 d - 3 scrolls of identify
 g - a scroll of random uselessness {unknown}
 k - 2 scrolls of remove curse {unknown}
 p - a scroll of magic mapping {unknown}
 r - a scroll of teleportation
Potions
 c - a potion of flight {unknown}
 h - a potion of cancellation
 i - 2 potions of magic {unknown}
 m - a potion of lignification
 o - a potion of agility {unknown}
 t - a potion of invisibility {unknown}
Comestibles
 a - 10 rations


   Skills:
 * Level 6.5 Fighting
 * Level 6.1 Dodging
 - Level 1.7 Stealth
 + Level 5.0 Unarmed Combat


You had 6 spell levels left.
You didn't know any spells.

Dungeon Overview and Level Annotations

Branches:
Dungeon (7/15)             Temple (0/1) D:7

Altars:
Elyvilon
Okawaru
Wu Jian
Zin
Jiyva

Shops:
D:3 *

Annotations:
D:7 Joseph


Innate Abilities, Weirdness & Mutations

You can spit globs of acid.
You are resistant to acid.
Your golden yellow scales are hard. (AC +6)
You cannot fit into any form of body armour.
You are cold-blooded and may be slowed by cold attacks.
You have large cloven feet.
Armour fits poorly on your pseudopods.


Message History

You hear a slurping noise.
You feel a little less hungry.
You feel better.
Joseph hits you with an uncursed quarterstaff!
* * * LOW HITPOINT WARNING * * *
You closely miss Joseph. You bludgeon Joseph.
Joseph is lightly wounded.
Joseph barely misses you.
You hit Joseph but do no damage.
Joseph is lightly wounded.
Joseph misses you. Joseph barely misses you.
Press: ? - help, Shift-Dir - straight line, f - Joseph
Aim: Joseph, wielding a quarterstaff and wearing a leather armour (lightly wounded, berserk, fast, unusually strong)
You spit a glob of acid.
The glob of acid misses Joseph.
You feel somewhat less full. Joseph misses you.
You fail to use your ability.
Joseph barely misses you.
A red film seems to cover your vision as you go berserk!
You feel yourself moving faster!
You feel mighty! Joseph barely misses you.
Joseph hits you with an uncursed quarterstaff!
You die...

#.........#......#..J..........#
...##..#######.###.............#
#### ..# .........J#########.###
# .# ..........#..........# #
......J...#J.........# ###
.......>..######.##..# ...
#######.#......#.##### ...
#..#............# ...
#.@#......#.....# ...
#.@#......#.##..# #########
#J.######....#..# .#......#
..... #.......# .#......#
........ #....#..#
.#......#........... #....#..#
####'############.#####....# .#
................#.##.......# #
................#..#.......#


You could see Joseph (berserk) and 3 neutral jellies (fellow slime).

Vanquished Creatures
  Menkaure (D:5)
  An orc warrior (D:7)
  An ogre (D:5)
  2 centaurs (D:5)
  Blork the orc (D:6)
  A bullfrog (D:7)
  2 howler monkeys
  A bullfrog zombie (D:5)
  An iguana (D:4)
  2 orc wizards
  3 worker ants
  A hound zombie (D:6)
  2 hound skeletons
  8 adders
  An ooze (D:1)
  An adder skeleton (D:6)
  A worm (D:4)
  2 dart slugs (D:1)
  3 leopard geckos
  7 orcs
  A ball python (D:1)
  4 giant cockroaches
  13 goblins
  8 hobgoblins
  10 jackals
  A quokka (D:4)
  8 bats
  A frilled lizard (D:1)
  6 kobolds
  A quokka skeleton (D:6)
  2 rats
97 creatures vanquished.

Vanquished Creatures (others)
  The ghost of Ethylacetat the Firebug, a novice NaFE of Sif Muna (D:5)
  An orc warrior (D:7)
  A phantom (D:6)
  A bullfrog (D:6)
  15 jellies
  A crimson imp (D:5)
  2 orc priests
  2 hounds
  An iguana (D:4)
  3 orc wizards
  2 worker ants
  5 adders
  2 leopard geckos
  11 orcs
  A ball python (D:7)
  2 giant cockroaches
  3 jackals (D:5)
54 creatures vanquished.

Grand Total: 151 creatures vanquished

Notes
Turn   | Place    | Note
-------+----------+-------------------------------------------
     0 | D:1      | Limpidissima the Draconian Monk began the quest for the Orb.
     0 | D:1      | Reached XP level 1. HP: 19/19 MP: 1/1
   223 | D:1      | Reached XP level 2. HP: 26/26 MP: 2/2
   577 | D:1      | Reached XP level 3. HP: 33/33 MP: 3/3
  1442 | D:2      | Reached XP level 4. HP: 25/40 MP: 4/4
  2044 | D:2      | Found a white marble altar of Elyvilon.
  2511 | D:3      | Found Zin's Purification Station.
  2540 | D:3      | Found a glowing silver altar of Zin.
  2670 | D:3      | Found a faded altar of an unknown god.
  2683 | D:3      | Became a worshipper of Jiyva Jedoenie the Shapeless
  2683 | D:3      | Reached * piety under Jiyva
  2683 | D:3      | Reached ** piety under Jiyva
  2718 | D:3      | Reached *** piety under Jiyva
  2718 | D:3      | Gained mutation: Your tail ends in a poisonous barb. [Jiyva's grace]
  2723 | D:3      | Found an iron altar of Okawaru.
  2949 | D:4      | Reached XP level 5. HP: 41/46 MP: 5/5
  3244 | D:4      | Lost mutation: Your tail ends in a poisonous barb. [Jiyva's grace]
  3244 | D:4      | Reached **** piety under Jiyva
  3707 | D:4      | Reached XP level 6. HP: 44/55 MP: 6/6
  3917 | D:5      | Entered Level 5 of the Dungeon
  3929 | D:5      | Reached skill level 5 in Fighting
  3929 | D:5      | Reached skill level 5 in Dodging
  4026 | D:5      | Your scales start taking on a golden yellow colour.
  4026 | D:5      | Reached XP level 7. HP: 27/61 MP: 7/7
  4077 | D:5      | Noticed Ethylacetat's ghost (novice NaFE)
  4092 | D:5      | Gained mutation: Armour fits poorly on your pseudopods. [Jiyva's grace]
  4096 | D:5      | Killed Ethylacetat's ghost
  4295 | D:5      | Noticed Menkaure
  4305 | D:5      | Killed Menkaure
  4523 | D:5      | Found an ornate altar of the Wu Jian Council.
  4810 | D:6      | Noticed Blork the orc
  4825 | D:6      | Killed Blork the orc
  5104 | D:6      | Gained mutation: You have large cloven feet. [Jiyva's grace]
  5545 | D:7      | HP: 3/64 [poisoned by a worker ant]
  5574 | D:7      | Gained mutation: Your body has grown golden eyes which may confuse attackers. (Acc +3) [Jiyva's grace]
  5577 | D:7      | Reached ***** piety under Jiyva
  5771 | D:7      | Found a staircase to the Ecumenical Temple.
  5801 | D:7      | Reached skill level 5 in Unarmed Combat
  5849 | D:7      | Lost mutation: Your body has grown golden eyes which may confuse attackers. (Acc +3) [Jiyva's grace]
  5943 | D:7      | Noticed Joseph
  5961 | D:7      | Slain by Joseph

Skill      XL: |  1  2  3  4  5  6  7 |
---------------+----------------------+-----
Dodging        | 3 4 5 6 |  6.1
Fighting       | 4 5 6 |  6.5
Unarmed Combat | 4 5 |  5.0
Stealth        | |  1.7

Action                   |  1- 3 |  4- 6 |  7- 9 || total
-------------------------+-------+-------+-------++-------
Melee: Unarmed           |   182 |   223 |   119 ||   524
       Tailslap          |    17 |    18 |    16 ||    51
       Punch             |     2 |     4 |     3 ||     9
       Pseudopods        |       |       |    25 ||    25
Invok: Request Jelly     |       |       |     6 ||     6
       Slimify           |       |       |     1 ||     1
 Abil: Evoke Berserk Rag |       |     1 |     1 ||     2
       Breathe Acid      |       |       |     2 ||     2
  Use: Scroll            |       |     5 |     2 ||     7
       Potion            |       |       |     1 ||     1
 Stab: Sleeping          |     1 |     5 |     1 ||     7
       Distracted        |       |       |     1 ||     1
  Eat: Chunk             |     1 |     5 |       ||     6
Armor: Skin              |    64 |    58 |    34 ||   156
Dodge: Dodged            |   147 |   177 |   113 ||   437
